 Dungeon Crawl Stone Soup version 0.28.0-62-gf88900778d (webtiles) character file.

Game seed: 5043290547427291238

288 cbfl8 the Covered (level 6, -18/47 HPs)
             Began as a Demonspawn Fighter on July 4, 2023.
             Killed from afar by Pikel (38 damage)
             ... with a bolt of acid
             ... on level 4 of the Dungeon.
             The game lasted 00:03:53 (5320 turns).

cbfl8 the Covered (Demonspawn Fighter)              Turns: 5320, Time: 00:03:53

Health: -18/47     AC: 17    Str: 16    XL:     6   Next: 9%
Magic:  7/7        EV:  4    Int: 10    God:
Gold:   295        SH:  5    Dex: 16    Spells: 5/5 levels left

rFire   . . .      SeeInvis .   a - +0 war axe (freeze)
rCold   . . .      Faith    .   c - +0 buckler
rNeg    . . .      Spirit   .   i - +9 plate armour of Salvation {rElec}
rPois   .          Reflect  .   f - +0 helmet
rElec   +          Harm     .   (no cloak)
rCorr   .          Rampage  .   (no gloves)
Will    .....                   (no boots)
Stlth   ..........              (no amulet)
HPRegen 0.15/turn               (no ring)
MPRegen 0.10/turn               (no ring)

@: mighty, corroded
A: claws 1, thin skeletal structure 1, foul stench 1
a: no special abilities


You were on level 4 of the Dungeon.
You visited 1 branch of the dungeon, and saw 4 of its levels.

You collected 295 gold pieces.

Inventory:

Hand Weapons
 a - a +0 war axe of freezing (weapon)
Armour
 c - a +0 buckler (worn)
 f - a +0 helmet (worn)
 i - the +9 plate armour of Salvation (worn) {rElec}
   (You acquired it on level 3 of the Dungeon)

   rElec:     It insulates you from electricity.
Scrolls
 b - a scroll of teleportation
 j - a scroll of enchant weapon {unknown}
 k - a scroll of enchant armour {unknown}
Potions
 e - a potion of lignification
 g - 2 potions of degeneration {unknown}
 h - a potion of brilliance {unknown}


   Skills:
 + Level 3.4 Fighting
 + Level 3.1 Axes
 * Level 1.5 Throwing
 + Level 3.5 Armour
 + Level 0.4 Dodging
 + Level 0.1 Stealth
 + Level 3.0 Shields
 * Level 2.2 Invocations
 * Level 2.3 Evocations


You had 5 spell levels left.
You didn't know any spells.
Your spell library contained the following spells:

 Spells                   Type           Power      Damage    Failure   Level
 Slow                     Hex            0%         N/A       100%        1
 Confusing Touch          Hex            0%         N/A       100%        3
 Tukima's Dance           Hex            0%         N/A       100%        3
 Vampiric Draining        Necr           0%         2d6       100%        3
 Anguish                  Hex/Necr       0%         N/A       100%        4
 Enfeeble                 Hex            0%         N/A       100%        7


Dungeon Overview and Level Annotations

Branches:
Dungeon (4/15)
 Temple: D:4-7

Altars:

Annotations:
D:3 3 runed translucent doors, cbfl8's ghost, amateur GrBe
D:4 2 transporters, Pikel


Innate Abilities, Weirdness & Mutations

You have sharp fingernails.
You have a somewhat thin skeletal structure. (Dex +2, Stealth+)
You may rarely emit foul miasma when damaged in melee.


Message History

The jelly hits you but does no damage.
You hit the jelly but do no damage.
Your claws burn!
* * * LOW HITPOINT WARNING * * *
The jelly is almost dead.
You block the jelly's attack. The jelly hits you but does no damage.
You hit the jelly. You freeze the jelly.
You kill the jelly!
You have reached level 6!
Your demonic ancestry asserts itself...
Your bones become slightly less dense.
You now have 281 gold pieces (gained 13).
There is a stone staircase leading up here.
You climb upwards.
Level annotation: 3 runed translucent doors, cbfl8's ghost, amateur GrBe
There is a stone staircase leading down here.
You start resting.
You are no longer corroded.
You start resting.
You start resting.
HP restored.
You climb downwards.
Level annotation: 2 transporters, Pikel
There is a stone staircase leading up here.
You now have 295 gold pieces (gained 14).
You see here a +0 robe.
You see here a +0 robe.
Pikel shouts!
You hear a shout! x2
A lemure comes into view.
You feel very mighty all of a sudden.
Pikel zaps a wand.
The bolt of acid hits you!! The acid corrodes you!
A scorpion comes into view.
The lemure shouts!
Pikel hits you but does no damage.
You completely miss Pikel.
Pikel hits you with a +2 whip of flaming!
Pikel burns you.
You barely miss Pikel. You block Pikel's attack.
Pikel zaps a wand.
The bolt of acid hits you!!!
Ouch! That really hurt!
You die...

##.## #..# ##.## ##
#..# ###.
###..#########...
###..[.......##....
###................##
#.................##
##.K@............##
#.5..............# #
#.5#...........[..###
#5.###.........<....##
#..# #..........(.####
..s# ###.....>....#.°.
..5 ##.........#... ..
#.........#...
#..#......#.○.


You could see Pikel, 4 lemures and a scorpion.

Vanquished Creatures
  A water moccasin zombie (D:3)
  A jelly (D:4)
  A centaur skeleton (D:4)
  An orc priest (D:3)
  An iguana (D:4)
  Robin (D:3)
  4 adders
  A dart slug (D:1)
  8 orcs
  2 ball pythons (D:1)
  2 endoplasms
  2 giant cockroaches
  4 hobgoblins
  3 quokkas
  6 bats
  2 frilled lizards
  12 goblins
  8 kobolds
  6 rats
66 creatures vanquished.

Vanquished Creatures (others)
  A plant (D:2)
1 creature vanquished.

Grand Total: 67 creatures vanquished

Notes
Turn   | Place    | Note
-------+----------+-------------------------------------------
     0 | D:1      | cbfl8 the Demonspawn Fighter began the quest for the Orb.
     0 | D:1      | Reached XP level 1. HP: 18/18 MP: 1/1
     0 | D:1      | Noticed a black draconian
     0 | D:1      | Noticed a tentacled monstrosity
     1 | D:1      | Noticed an iron dragon
     1 | D:1      | Noticed a tentacled monstrosity
     3 | D:1      | Noticed an iron dragon
     5 | D:1      | Noticed an orb of fire
     7 | D:1      | Noticed an orb of fire
    10 | D:1      | Noticed an orb of fire
    13 | D:1      | Noticed a tentacled monstrosity
    15 | D:1      | Noticed an iron dragon
    15 | D:1      | Noticed a red draconian
    16 | D:1      | Noticed a black draconian
    20 | D:1      | Noticed an ice dragon
    20 | D:1      | Noticed an iron dragon
    24 | D:1      | Noticed a shadow dragon
    24 | D:1      | Noticed an orb of fire
    28 | D:1      | Noticed a large abomination
   328 | D:1      | Found a faded altar of an unknown god.
   339 | D:1      | Gained mutation: You may rarely emit foul miasma when
                  | damaged in melee. [demonic ancestry]
   339 | D:1      | Reached XP level 2. HP: 12/24 MP: 2/2
   598 | D:1      | Reached skill level 1 in Evocations
  1654 | D:2      | Gained mutation: You have sharp fingernails. [demonic
                  | ancestry]
  1654 | D:2      | Reached XP level 3. HP: 25/29 MP: 3/3
  2783 | D:3      | Reached skill level 1 in Invocations
  2783 | D:3      | Reached XP level 4. HP: 3/35 MP: 4/4
  3012 | D:3      | Found Ycwuahyniu's Assorted Antiques.
  3028 | D:3      | Reached skill level 1 in Throwing
  3068 | D:3      | Reached XP level 5. HP: 13/41 MP: 4/6
  3429 | D:3      | Noticed Robin
  3441 | D:3      | Killed Robin
  3603 | D:3      | Found a runed translucent gate.
  3603 | D:3      | Found a runed translucent gate.
  3604 | D:3      | Found a runed translucent gate.
  3608 | D:3      | Noticed cbfl8's ghost (amateur GrBe)
  4536 | D:4      | Found a transporter.
  4537 | D:4      | Noticed an ice beast
  4537 | D:4      | Noticed an ice beast
  4538 | D:4      | Noticed an ice beast
  4713 | D:4      | Found a transporter.
  4790 | D:4      | Noticed a lemure
  4794 | D:4      | Noticed a lemure
  4795 | D:4      | Noticed a lemure
  4796 | D:4      | Noticed Pikel
  4931 | D:3      | Identified a scroll of acquirement
  4931 | D:3      | Acquired the +9 plate armour of Salvation {rElec}
  5060 | D:4      | Gained mutation: You have a somewhat thin skeletal
                  | structure. (Dex +2, Stealth+) [demonic ancestry]
  5060 | D:4      | Reached XP level 6. HP: 14/47 MP: 7/7
  5320 | D:4      | Killed from afar by Pikel

Illustrated notes

Levels and vault maps discovered:
D:1:      shiori_arrival_whats_in_store_for_you, layout_loops_ring,
          shapermc_ecumenical_altar_starsandcircs
D:2:      cheibrodos_old_hovel, layout_loops_cross
D:3:      layout_basic, gammafunk_ghost_necromancy, serial_shops, shop,
          uniq_robin
D:4:      gammafunk_cloud_chamber, layout_layer_cave, minmay_fractal_squares_5,
          uniq_pikel

Skill      XL: |  1  2  3  4  5 |
---------------+----------------+-----
Axes           | 2 3 |  3.1
Evocations     | 1 2 |  2.3
Armour         | 3 |  3.5
Invocations    | 1 2 |  2.2
Throwing       | 1 |  1.5
Shields        | 3 |  3.0
Fighting       | |  3.4
Dodging        | |  0.4
Stealth        | |  0.1

Action                   |  1- 3 |  4- 6 || total
-------------------------+-------+-------++-------
Melee: War axe           |   118 |    92 ||   210
  Use: Scroll            |     3 |     2 ||     5
       Potion            |       |     5 ||     5
Armor: Scale mail        |    75 |    43 ||   118
       Plate armour      |       |     8 ||     8
Dodge: Dodged            |    54 |    47 ||   101
Block: Buckler           |    25 |    23 ||    48
